 Dungeon Crawl Stone Soup version 0.32-a0-995-gb4a59205af (webtiles) character file.

Game seed: 14273232782292116867

42 protoss039 the Digger (level 3, 26/26 HPs)
             Began as a Demonspawn Earth Elementalist on Apr 22, 2024.
             Got out of the dungeon alive.
             The game lasted 00:01:41 (718 turns).

protoss039 the Digger (DsEE)                         Turns: 718, Time: 00:01:41

Health: 26/26      AC:  5    Str:  8    XL:     3   Next: 33%
Magic:  5/6        EV:  9    Int: 17    God:
Gold:   49         SH:  4    Dex: 15    Spells: 6/7 levels left

rFire   . . .        b - +3 dagger (speed)
rCold   . . .        (no shield)
rNeg    . . .        e - +0 ring mail
rPois   .            (no helmet)
rElec   .            (no cloak)
rCorr   .            (no gloves)
SInv    .            (no boots)
Will    .....        (no amulet)
Stlth   ++           (no ring)
HPRegen 0.24/turn    (no ring)
MPRegen 0.10/turn

%: no passive effects
@: no status effects
A: thin skeletal structure 1, condensation shield
a: no special abilities


You escaped.
You visited 1 branch of the dungeon, and saw 2 of its levels.

You collected 49 gold pieces.

Inventory:

Hand Weapons
 b - a +3 dagger of speed (weapon)
Armour
 e - a +0 ring mail (worn)
Magical Staves
 g - a staff of air
Scrolls
 c - a scroll of enchant weapon {unknown}
Potions
 a - 2 potions of mutation {unknown}
 d - a potion of might {unknown}
 f - a potion of invisibility {unknown}


   Skills:
 + Level 1.6 Fighting
 - Level 1.7 Dodging
 - Level 1.7 Stealth
 + Level 2.5 Spellcasting
 - Level 1.0 Conjurations
 + Level 3.2 Earth Magic


You had 6 spell levels left.
You knew the following spells:

 Your Spells              Type           Power      Damage    Failure   Level
a - Sandblast             Erth           26%        2d8       16%         1

Your spell library contained the following spells:

 Spells                   Type           Power      Damage    Failure   Level
 Passwall                 Erth           13%        N/A       41%         3
 Stone Arrow              Conj/Erth      18%        3d8       56%         3
 Brom's Barrelling Bould  Conj/Erth      9%         2d3       93%         4
 Petrify                  Alch/Erth      7%         N/A       96%         4


Dungeon Overview and Level Annotations

Branches:
Dungeon (2/15) Zot: 11279

Altars:

Shops:
D:1 (


Innate Abilities, Weirdness & Mutations

You have a somewhat thin skeletal structure. (Dex +2, Stealth+)
A meltable shield of frost defends you. (SH +4)


Message History

Unknown command.
You hit the goblin.
The goblin is moderately wounded.
The goblin barely misses you.
Unknown command.
Casting: Sandblast (safe; 16% risk of failure)
Confirm with . or Enter, or press ? or * to list all spells.
You don't have enough magic to cast this spell.
Unknown command.
The goblin attacks as it pursues you! The goblin hits you but does no damage.
Casting: Sandblast (safe; 16% risk of failure)
Confirm with . or Enter, or press ? or * to list all spells.
You don't have enough magic to cast this spell.
Unknown command.
Unknown command.
You barely miss the goblin.
The goblin is moderately wounded.
You closely miss the goblin.
The goblin is moderately wounded.
The goblin closely misses you.
You barely miss the goblin.
The goblin is moderately wounded.
You hit the goblin.
You kill the goblin!
There is an open door, spattered with blood here.
You see here a +0 dagger.
You see here an adder corpse.
There is an open door, spattered with blood here.
You see here a +0 dagger.
You see here a ribbon worm corpse.
There is a stone staircase leading up here.
You climb upwards.
There is a stone staircase leading down here.
You enter the shallow water.
Moving in this stuff is going to be slow.
There is a large open door here.
There is a large open door here.
There is a large open door here.
There is a staircase leading out of the dungeon here.
You have escaped!

.........# #~~~~~~~~~~~~≈~~~~~#
.........# #~..ß..........ß..~#
.........# #~.##############.~#
.........# #~ß#.#.≈≈.#~~~~~#ß~#
.........# #~.#.#.≈≈.#~...~#.~##
.........# #~.#.#.≈≈.#~.#.~#.~..
.........# #~.#.#.≈≈.#~.#.~#ß~#.
.........# #~.#.#.≈§.#~.#.~#.~#.
.........# #~.#@'....'..#..'....
.........# #~.#.'....'..#..'....
.##.÷...## #~.#.#.§≈.#~.#.~#.~..
.##.....## #~.#.#.§≈.#~.#.~#ß~..
.##......# #~.#.#.§§.#~.#.~#.~..
.##....#.## #~.#.#.≈≈.#~...~#.~.÷
.......#..# #~ß#.#.§≈.#~~~~~#ß~..
.#.....##.###~.##############.~..
.##...÷[....#~..ß....[.....ß..~..


There were no monsters in sight!

Vanquished Creatures
  An adder (D:2)
  A ribbon worm (D:2)
  A dart slug (D:1)
  3 ball pythons (D:1)
  2 bats (D:1)
  2 endoplasms (D:1)
  2 giant cockroaches (D:1)
  3 goblins
  3 hobgoblins (D:1)
  3 jackals (D:2)
  3 kobolds (D:1)
  A rat (D:1)
25 creatures vanquished.

Notes
Turn   | Place    | Note
-------+----------+-------------------------------------------
     0 | D:1      | protoss039 the Demonspawn Earth Elementalist began the
                  | quest for the Orb.
     0 | D:1      | Reached XP level 1. HP: 13/13 MP: 3/3
   165 | D:1      | Found Mius's Weapon Boutique.
   205 | D:1      | Gained mutation: You have a somewhat thin skeletal
                  | structure. (Dex +2, Stealth+) [demonic ancestry]
   205 | D:1      | Reached XP level 2. HP: 5/20 MP: 1/5
   260 | D:1      | Reached skill level 1 in Fighting
   328 | D:1      | Reached skill level 3 in Earth Magic
   653 | D:2      | Gained mutation: A meltable shield of frost defends you.
                  | (SH +4) [demonic ancestry]
   653 | D:2      | Reached XP level 3. HP: 24/26 MP: 4/6
   718 | D:$      | Got out of the dungeon alive.

Illustrated notes

Levels and vault maps discovered:
D:1:      lightli_arrival_isolated_outpost, layout_basic, serial_shops,
          nicolae_shop_bloodbath_and_beyond
D:2:      layout_basic, basic_altar, minmay_fountain_box, uniq_terence,
          uniq_sigmund

Skill      XL: |  1  2 |
---------------+-------+-----
Fighting       | 1 |  1.6
Earth Magic    | 3 |  3.2
Dodging        | |  1.7
Stealth        | |  1.7
Spellcasting   | |  2.5
Conjurations   | |  1.0

Action                     || total
---------------------------++-------
  Melee: Dagger            ||    51
   Cast: Sandblast         ||    26
    Use: Potion            ||     1
 Armour: Robe              ||    17
         Ring mail         ||    25
  Dodge: Dodged            ||    34
  Block: Other             ||     3

Table legend: (Time is in decaauts)
 A = Elapsed time spent in this place.
 B = Non-inter-level travel time spent in this place.
 C = Inter-level travel time spent in this place.
 D = Time resting spent in this place.
 E = Time spent auto-exploring this place.
 F = Levels seen in this place.
 G = Mean time per level.
                   A        B        C        D        E       F      G
               +--------+--------+--------+--------+--------+-----+--------+
         Total |    720 |    671 |     49 |     81 |    341 |   2 |  360.0 |
       Dungeon |    720 |    671 |     49 |     81 |    341 |   2 |  360.0 |
               +--------+--------+--------+--------+--------+-----+--------+

Top non-repeatable levels by time:
     D:1: 602 daAuts
     D:2: 118 daAuts
